 Dungeon Crawl Stone Soup version 0.20.1-1-g8b1a95d (webtiles) character file.

50 Irenicus the Slasher (level 3, -3/23 HPs)
             Began as a Tengu Chaos Knight on Oct 9, 2017.
             Slain by Terence
             ... wielding a +0 hand axe
              (5 damage)
             ... on level 1 of the Dungeon.
             The game lasted 00:02:41 (1153 turns).

Irenicus the Slasher (Tengu Chaos Knight)           Turns: 1153, Time: 00:02:42

Health: -3/23      AC:  5    Str: 12    XL:     3   Next: 79%
Magic:  4/4        EV: 11    Int: 12    God:    Xom [..*...]
Gold:   108        SH:  0    Dex: 14    Spells: 2/2 levels left

rFire    . . .     SeeInvis .   a - +0 falchion (chaos)
rCold    . . .     Gourm    .   (no shield)
rNeg     . . .     Faith    .   b - +2 leather armour
rPois    .         Spirit   .   (helmet restricted)
rElec    .         Reflect  .   (no cloak)
rCorr    .         Harm     .   (no gloves)
MR       .....                  (boots unavailable)
Stlth    +.........             (no amulet)
Regen    0.1/turn               (no ring)
MPRegen  0.1/turn               (no ring)

@: no status effects
A: beak, talons 3
a: Renounce Religion


You were on level 1 of the Dungeon.
You worshipped Xom.
You were a toy of Xom.
You were hungry.

You visited 1 branch of the dungeon, and saw 2 of its levels.

You collected 108 gold pieces.

Inventory:

Hand Weapons
 a - a +0 falchion of chaos (weapon)
Armour
 b - a +2 leather armour (worn)
Wands
 j - a wand of polymorph (10/24)
Scrolls
 g - a scroll of fear {unknown}
 h - a scroll of remove curse {unknown}
 i - 2 scrolls of teleportation {unknown}
 k - a scroll of immolation {unknown}
 n - a scroll of enchant weapon {unknown}
Potions
 e - a potion of flight {unknown}
 f - a potion of heal wounds {unknown}
 l - a potion of lignification {unknown}
 m - 2 potions of mutation {unknown}
Comestibles
 c - 3 bread rations
 d - 4 meat rations


   Skills:
 - Level 3.0 Fighting
 + Level 5.0 Long Blades
 - Level 2.1 Armour
 - Level 1.1 Dodging


You had 2 spell levels left.
You didn't know any spells.

Dungeon Overview and Level Annotations

Branches:
Dungeon (2/15)

Altars:
Qazlal

Annotations:
D:1 Terence
D:2 Sigmund


Innate Abilities, Weirdness & Mutations

You have a beak for a mouth.
You have claws for feet.


Message History

You barely miss Terence. You claw Terence. Your peck misses Terence.
Terence is severely wounded.
Terence hits you with a hand axe.
You hit Terence. Your kick misses Terence. Your peck misses Terence.
Terence is almost dead.
Terence hits you but does no damage.
You completely miss Terence. Your kick misses Terence.
Terence is almost dead.
Terence hits you with a hand axe.
* * * LOW HITPOINT WARNING * * *
You hit Terence but do no damage. You peck Terence.
Terence is almost dead.
Terence hits you with a hand axe.
* * * LOW HITPOINT WARNING * * *
Evoke which item? (* to show all) (? for menu, Esc to quit)
Okay, then.
You completely miss Terence. Your peck misses Terence.
Terence is almost dead.
Terence hits you with a hand axe.
You die...

#.# #.# ##.#.##.## #.# #.#
##....##.# ### #.#
#.###..#..##.#####.. #.#
#.....###........#.#
###.#########..#..######.#.#
#...........##...## #....
#.######....###.## #....
######.# #.........# ##...
.......# ##...@###.# ##.#
#.###..## ##.#@# #.# #.# ..#
#...# ###># #.# #.# #.###...#
#.# #.# #.# #.......# #.# #.#
#.# ###.##..########.###.###
#.#
#.................(..########.#
##.##.############............#
#...#.# ###........(..


You could see Terence.

Vanquished Creatures
  An adder (D:2)
  An ooze (D:1)
  3 worms (D:2)
  A dart slug (D:2)
  A leopard gecko (D:1)
  5 bats
  A giant cockroach (D:2)
  4 goblins
  3 kobolds
  3 frilled lizards
  7 rats
30 creatures vanquished.

Notes
Turn   | Place    | Note
-------+----------+-------------------------------------------
     0 | D:1      | Irenicus the Tengu Chaos Knight began the quest for the Orb.
     0 | D:1      | Reached XP level 1. HP: 14/14 MP: 2/2
   140 | D:1      | XOM: butterfly on damage
   305 | D:1      | Reached skill level 4 in Long Blades
   305 | D:1      | Reached XP level 2. HP: 19/19 MP: 3/3
   494 | D:1      | XOM: cloud trail
   576 | D:1      | XOM: mild Summ miscast
   667 | D:1      | XOM: potion effect (might)
   708 | D:2      | Reached XP level 3. HP: 23/23 MP: 4/4
   768 | D:2      | Found a stormy altar of Qazlal.
   934 | D:2      | Reached skill level 5 in Long Blades
   987 | D:2      | Noticed Sigmund
   987 | D:2      | Noticed Terence
  1064 | D:1      | XOM: divination: detect creatures
  1153 | D:1      | Slain by Terence

Skill      XL: |  1  2  3 |
---------------+----------+-----
Long Blades    | 4 5 |  5.0
Fighting       | |  3.0
Armour         | |  2.1
Dodging        | |  1.1

Action                   || total
-------------------------++-------
Melee: Falchion          ||    64
       Kick              ||    15
       Peck              ||     8
Armor: Leather armour    ||    14
Dodge: Dodged            ||    34
       Rpst.: Falchion   ||     8
